 Dungeon Crawl Stone Soup version 0.30-b1-2-g02819fbbbe (webtiles) character file.

Game seed: 18099774006792924533

309 Galthrax the Nimble (level 6, -2/47 HPs)
             Began as a Gnoll Wanderer on May 18, 2023.
             Slain by Grinder (4 damage)
             ... on level 4 of the Dungeon.
             The game lasted 00:05:29 (3024 turns).

Galthrax the Nimble (Gnoll Wanderer)                Turns: 3024, Time: 00:05:30

Health: -2/47      AC: 12    Str: 15    XL:     6   Next: 41%
Magic:  11/11      EV: 14    Int:  9    God:
Gold:   158        SH:  4    Dex: 14    Spells: 10/11 levels left

rFire   . . .        n - +2 short sword
rCold   . . .        g - +0 buckler
rNeg    . . .        p - +4 ring mail of Hiwkyosm {+Inv Str+2}
rPois   .            (no helmet)
rElec   .            e - +2 cloak
rCorr   .            (no gloves)
SInv    .            (no boots)
Will    .....        (no amulet)
Stlth   ++           (no ring)
HPRegen 0.27/turn    (no ring)
MPRegen 0.12/turn

%: no passive effects
@: no status effects
A: fangs 1, strong nose, distributed training
a: Evoke Invisibility


You were on level 4 of the Dungeon.
You visited 1 branch of the dungeon, and saw 4 of its levels.

You collected 158 gold pieces.


Innate Abilities, Weirdness & Mutations

You have very sharp teeth.
Your uncanny sense of smell can sniff out nearby items.
Your experience applies equally to all skills.


   Skills:
 + Level 3.3 Fighting
 + Level 2.0 Short Blades
 + Level 2.0 Long Blades
 + Level 2.0 Axes
 + Level 2.0 Maces & Flails
 + Level 2.0 Polearms
 + Level 2.0 Staves
 + Level 2.0 Ranged Weapons
 + Level 2.0 Throwing
 + Level 2.0 Armour
 + Level 10.6 Dodging
 + Level 3.1 Stealth
 + Level 2.0 Shields
 + Level 2.0 Unarmed Combat
 + Level 3.4 Spellcasting
 + Level 1.6 Conjurations
 + Level 1.6 Hexes
 + Level 1.6 Summonings
 + Level 1.6 Necromancy
 + Level 1.6 Translocations
 + Level 1.6 Transmutations
 + Level 1.6 Fire Magic
 + Level 1.6 Ice Magic
 + Level 1.6 Air Magic
 + Level 4.1 Earth Magic
 + Level 1.6 Poison Magic
 + Level 2.2 Invocations
 + Level 2.0 Evocations


You had 10 spell levels left.
You knew the following spells:

 Your Spells              Type           Power      Damage    Failure   Level
s - Sandblast             Erth           18%        2d7       14%         1

Your spell library contained the following spells:

 Spells                   Type           Power      Damage    Failure   Level
 Summon Small Mammal      Summ           16%        N/A       36%         1
 Stone Arrow              Conj/Erth      12%        3d7       56%         3
 Call Canine Familiar     Summ           4%         N/A       75%         3
 Summon Guardian Golem    Hex/Summ       4%         N/A       75%         3

Inventory:

Hand Weapons
 a - a +0 dagger
 m - a +0 whip
   (You found it on level 2 of the Dungeon)
 n - a +2 short sword (weapon)
   (You found it on level 2 of the Dungeon)
Missiles
 i - 31 stones
 l - 4 poisoned darts
Armour
 e - a +2 cloak (worn)
   (You found it on level 1 of the Dungeon)
 g - a +0 buckler (worn)
   (You found it on level 1 of the Dungeon)
 p - the +4 ring mail of Hiwkyosm (worn) {+Inv Str+2}
   (You found it on level 2 of the Dungeon)

   Str:       It affects your strength (+2).
   +Inv:      It lets you turn invisible.
 t - a +0 plate armour
   (You found it on level 3 of the Dungeon)
Scrolls
 b - 3 scrolls of teleportation {@r4}
 f - 2 scrolls of fog
 q - a scroll of magic mapping {!r}
 s - 2 scrolls of poison {!r}
 u - a scroll of vulnerability {!r!r}
 v - 2 scrolls of identify {@r1}
Potions
 c - 2 potions of attraction {unknown}
 d - 2 potions of mutation {unknown}
 h - 5 potions of brilliance {unknown}
 j - 3 potions of flight
 k - a potion of resistance
 o - a potion of haste {@q3}
 r - a potion of curing {unknown}

Dungeon Overview and Level Annotations

Branches:
Dungeon (4/15) Zot: 20952
 Temple: D:4-7

Altars:
Makhleb

Annotations:
D:4 Grinder

#....รท............
#....#########....
#....$...# #._..
#.....##.# #....
#.###.# #.... ##.#.#.#
##### ##<...#5# ##
#.5>#.#.##.########.
#.#@# #.............
#.#...# ...........
##.##................
#...##.....#.........
#..........#........โ€
#....#####.#.........
#....# ######.###
#....# #...# #......
###.#


You could see Grinder.


Message History

You feel strangely unstable. Grinder gestures at you.
Pain shoots through your body!
* * * LOW HITPOINT WARNING * * *
๐Ÿ˜ฑ HP[-8]
You take 8 damage, and now have 2/47 hp.
Grinder attacks as you move away! Grinder hits you.
* * * LOW HITPOINT WARNING * * *
๐Ÿ˜ฑ HP[-1]
You take 1 damage, and now have 1/47 hp.
Unknown command.
Grinder attacks as you move away! Grinder misses you.
Your surroundings suddenly seem different.
Found a black potion.
Found a stone staircase leading down. ๐Ÿ˜ฑ HP[+1]
There is a stone staircase leading up here.
You climb upwards.
There is a stone staircase leading down here. ๐Ÿ˜ฑ HP[+1]
You start resting. ๐Ÿ˜Ž HP[+44]
Your hp is fully restored (47).
You climb downwards.
Level annotation: Grinder Grinder blinks!
There is a stone staircase leading up here.
c - 2 black potions (gained 1)
You block Grinder's attack.
You barely miss Grinder. You hit Grinder. Grinder hits you but does no damage.
You barely miss Grinder. Grinder hits you but does no damage.
You closely miss Grinder. You bite Grinder. You block Grinder's attack.
You completely miss Grinder.
Grinder blinks!
Grinder blinks!
Grinder gestures at you. You resist with significant effort.
Grinder hits you but does no damage.
You hit Grinder. Grinder misses you.
You barely miss Grinder. You bite Grinder, but do no damage.
Grinder hits you but does no damage.
You hit Grinder. You bite Grinder. Grinder gestures at you.
Pain shoots through your body! ๐Ÿ˜• HP[-9]
You take 9 damage, and now have 38/47 hp.
You hit Grinder. Grinder misses you.
You hit Grinder. You block Grinder's attack. ๐Ÿ˜• HP[+1]
You completely miss Grinder. Grinder gestures at you.
You barely resist. You hit Grinder.
Grinder says, "Don't move a muscle."
Grinder blinks!
Grinder attacks as you move away! Grinder closely misses you.
You hit Grinder but do no damage. Your bite misses Grinder.
Grinder blinks! ๐Ÿ˜• HP[+1] Grinder gestures at you.
You suddenly lose the ability to move!
Grinder says, "Don't move a muscle."
Grinder hits you!
You writhe in agony.
You can move again.
There is a stone staircase leading down here. ๐Ÿ˜ฎ HP[-9]
You take 9 damage, and now have 31/47 hp.
You hit Grinder but do no damage. Grinder gestures at you.
You barely resist. ๐Ÿ˜ฎ HP[+1]
You hit Grinder. Grinder gestures at you. Pain shoots through your body!
* * * LOW HITPOINT WARNING * * *
๐Ÿ˜จ HP[-12]
You take 12 damage, and now have 20/47 hp.
MASSIVE DAMAGE!! (PAUSE)
You barely miss Grinder.
Grinder blinks!
You hit Grinder. Grinder barely misses you. ๐Ÿ˜จ HP[+1]
You barely miss Grinder. You hit Grinder. Grinder hits you but does no damage.
You barely miss Grinder. You block Grinder's attack.
You hit Grinder but do no damage. Grinder misses you. ๐Ÿ˜จ HP[+1]
You barely miss Grinder. Grinder hits you but does no damage.
You hit Grinder. Grinder hits you but does no damage.
You hit Grinder. You bite Grinder. Grinder hits you!
* * * LOW HITPOINT WARNING * * *
You writhe in agony.
* * * LOW HITPOINT WARNING * * *
๐Ÿ˜ฑ HP[-14]
You take 14 damage, and now have 8/47 hp.
MASSIVE DAMAGE!! (PAUSE)
You hit Grinder.
Grinder hits you but does no damage. ๐Ÿ˜ฑ HP[+1]
You barely miss Grinder. Grinder completely misses you.
You barely miss Grinder. Grinder hits you!
* * * LOW HITPOINT WARNING * * *
You writhe in agony.
You die...

Skill      XL: |  1  2  3  4  5  6 |
---------------+-------------------+-----
Dodging        | | 10.6
Short Blades   | 1 2 |  2.0
Long Blades    | 1 2 |  2.0
Axes           | 1 2 |  2.0
Maces & Flails | 1 2 |  2.0
Polearms       | 1 2 |  2.0
Staves         | 1 2 |  2.0
Ranged Weapons | 1 2 |  2.0
Throwing       | 1 2 |  2.0
Armour         | 1 2 |  2.0
Shields        | 1 2 |  2.0
Unarmed Combat | 1 2 |  2.0
Invocations    | 1 2 |  2.2
Evocations     | 1 2 |  2.0
Spellcasting   | 3 |  3.4
Conjurations   | 1 |  1.6
Hexes          | 1 |  1.6
Summonings     | 1 |  1.6
Necromancy     | 1 |  1.6
Translocations | 1 |  1.6
Transmutations | 1 |  1.6
Fire Magic     | 1 |  1.6
Ice Magic      | 1 |  1.6
Air Magic      | 1 |  1.6
Poison Magic   | 1 |  1.6
Fighting       | 3 |  3.3
Earth Magic    | 4 |  4.1
Stealth        | 3 |  3.1

Action                     |  1- 3 |  4- 6 || total
---------------------------+-------+-------++-------
  Melee: Dagger            |   114 |       ||   114
         Bite              |    15 |    27 ||    42
         Punch             |     1 |       ||     1
         Whip              |    15 |     6 ||    21
         Short sword       |       |   202 ||   202
    Use: Scroll            |     8 |     8 ||    16
         Potion            |     1 |       ||     1
   Stab: Sleeping          |     1 |     4 ||     5
 Armour: Leather armour    |    41 |     2 ||    43
         Ring mail         |       |    51 ||    51
  Dodge: Dodged            |   113 |   120 ||   233
  Block: Buckler           |    19 |    32 ||    51

Levels and vault maps discovered:
D:1:      kb_arrival_jail, layout_basic, minmay_hexomino_c4
D:2:      layout_basic, minmay_misc_feat_five, minivault_5, uniq_natasha
D:3:      layout_loops_ring
D:4:      layout_basic, riverfiend_overflow_shadow_ancestor, bloody_makhleb,
          minmay_temple_entry_trees, uniq_grinder

Notes
Turn   | Place    | Note
-------+----------+-------------------------------------------
     0 | D:1      | Reached skill level 10 in Dodging
     0 | D:1      | Galthrax the Gnoll Wanderer began the quest for the Orb.
     0 | D:1      | Galthrax set off with the following items: a +0 dagger, a
                  | scroll of teleportation {@r4}, a potion of heal wounds
                  | {@q2}, a +2 leather armour; and the following spell
                  | memorised: Sandblast; and the following spells available to
                  | memorise: Stone Arrow.
     0 | D:1      | Reached XP level 1. HP: 17/17 MP: 4/4
     0 | D:1      | magus.rc [v1.11.6]
     2 | D:1      | Noticed a gargoyle
     2 | D:1      | Noticed a merfolk
     4 | D:1      | Noticed a tengu
     4 | D:1      | Noticed a felid
     6 | D:1      | Noticed a vine stalker
     8 | D:1      | Noticed an ogre
    10 | D:1      | Noticed a formicid
    10 | D:1      | Noticed a meteoran
    12 | D:1      | Noticed a human
    14 | D:1      | Noticed a vampire
    14 | D:1      | Noticed an armataur
    16 | D:1      | Noticed a demonspawn
    16 | D:1      | Noticed a ghoul
    18 | D:1      | Noticed a draconian
    18 | D:1      | Noticed a spriggan
    20 | D:1      | Noticed a demigod
    20 | D:1      | Noticed a minotaur
    22 | D:1      | Noticed a troll
    22 | D:1      | Noticed an octopode
    24 | D:1      | Noticed a demigod
    24 | D:1      | Noticed an elf
    26 | D:1      | Noticed a draconian
    26 | D:1      | Noticed a felid
   157 | D:1      | Reached XP level 2. HP: 21/23 MP: 5/5
   221 | D:1      | You add the spells Summon Small Mammal, Call Canine
                  | Familiar and Summon Guardian Golem to your library.
   644 | D:2      | Reached XP level 3. HP: 28/28 MP: 7/7
   657 | D:2      | Noticed Natasha
   671 | D:2      | HP: 7/28 [Natasha/magic dart (5)]
   683 | D:2      | Killed Natasha
   684 | D:2      | Reached skill level 1 in Short Blades
   684 | D:2      | Reached skill level 1 in Long Blades
   684 | D:2      | Reached skill level 1 in Axes
   684 | D:2      | Reached skill level 1 in Maces & Flails
   684 | D:2      | Reached skill level 1 in Polearms
   684 | D:2      | Reached skill level 1 in Staves
   684 | D:2      | Reached skill level 1 in Ranged Weapons
   684 | D:2      | Reached skill level 1 in Throwing
   684 | D:2      | Reached skill level 1 in Armour
   684 | D:2      | Reached skill level 1 in Shields
   684 | D:2      | Reached skill level 1 in Unarmed Combat
   684 | D:2      | Reached skill level 1 in Invocations
   684 | D:2      | Reached skill level 1 in Evocations
   829 | D:2      | Noticed Natasha
   840 | D:2      | HP: 5/28 [Natasha/magic dart (9)]
   841 | D:2      | Killed Natasha
   842 | D:2      | Reached skill level 3 in Spellcasting
   842 | D:2      | Reached XP level 4. HP: 7/34 MP: 8/8
   966 | D:2      | Reached skill level 1 in Conjurations
   966 | D:2      | Reached skill level 1 in Hexes
   966 | D:2      | Reached skill level 1 in Summonings
   966 | D:2      | Reached skill level 1 in Necromancy
   966 | D:2      | Reached skill level 1 in Translocations
   966 | D:2      | Reached skill level 1 in Transmutations
   966 | D:2      | Reached skill level 1 in Fire Magic
   966 | D:2      | Reached skill level 1 in Ice Magic
   966 | D:2      | Reached skill level 1 in Air Magic
   966 | D:2      | Reached skill level 1 in Poison Magic
  1163 | D:2      | Identified the +4 ring mail of Hiwkyosm {+Inv Str+2}
  1433 | D:2      | Noticed Natasha
  1445 | D:2      | Killed Natasha
  1446 | D:2      | Reached XP level 5. HP: 30/40 MP: 9/9
  1768 | D:3      | Reached skill level 3 in Fighting
  2024 | D:3      | Reached skill level 4 in Earth Magic
  2383 | D:4      | Noticed an ogre
  2396 | D:3      | Killed an ogre
  2397 | D:3      | Reached skill level 3 in Stealth
  2397 | D:3      | Reached skill level 2 in Invocations
  2397 | D:3      | Reached XP level 6. HP: 36/47 MP: 9/11
  2457 | D:4      | Reached skill level 2 in Short Blades
  2457 | D:4      | Reached skill level 2 in Long Blades
  2457 | D:4      | Reached skill level 2 in Axes
  2457 | D:4      | Reached skill level 2 in Maces & Flails
  2457 | D:4      | Reached skill level 2 in Polearms
  2457 | D:4      | Reached skill level 2 in Staves
  2457 | D:4      | Reached skill level 2 in Ranged Weapons
  2457 | D:4      | Reached skill level 2 in Throwing
  2457 | D:4      | Reached skill level 2 in Armour
  2457 | D:4      | Reached skill level 2 in Shields
  2457 | D:4      | Reached skill level 2 in Unarmed Combat
  2457 | D:4      | Reached skill level 2 in Evocations
  2495 | D:4      | Noticed a steam dragon
  2514 | D:4      | HP: 9/47 [steam dragon (6)]
  2735 | D:4      | Found a burning altar of Makhleb.
  2769 | D:4      | Noticed Grinder
  2788 | D:4      | Paralysed by Grinder for 3 turns
  2794 | D:4      | Paralysed by Grinder for 5 turns
  2804 | D:4      | HP: 10/47 [Grinder/nerve-wracking pain (11)]
  2805 | D:4      | HP: 2/47 [Grinder/nerve-wracking pain (8)]
  3005 | D:4      | Paralysed by Grinder for 5 turns
  3021 | D:4      | HP: 8/47 [Grinder (6)]
  3024 | D:4      | HP: 2/47 [Grinder (7)]
  3024 | D:4      | Slain by Grinder

Vanquished Creatures
  An ogre (D:3)
  A hound (D:4)
  A sleepcap (D:4)
  Natasha (thrice) (D:2)
  4 adders
  A dart slug (D:3)
  3 ball pythons
  4 endoplasms
  7 giant cockroaches
  5 goblins
  5 hobgoblins
  2 jackals (D:2)
  5 kobolds
  3 quokkas
  4 bats
  A frilled lizard (D:2)
  4 rats (D:1)
54 creatures vanquished.

Table legend:
 A = Non-vault XP
 B = Vault XP
 C = Vault XP percentage of total XP
 D = Non-vault monster count
 E = Vault monster count
 F = Vault count percentage of total count
                 A         B        C        D         E       F
            +---------+---------+-------+---------+---------+-------
      Total |     397 |      45 |  10.2 |      48 |       6 |  11.1
            +---------+---------+-------+---------+---------+-------
        D:1 |      21 |      10 |  32.3 |      13 |       5 |  27.8
        D:2 |     119 |      35 |  22.7 |      16 |       1 |   5.9
        D:3 |     166 |       0 |   0.0 |      12 |       0 |   0.0
        D:4 |      91 |       0 |   0.0 |       7 |       0 |   0.0
            +---------+---------+-------+---------+---------+-------

Skill      XL: |  1  2  3  4  5  6 |
---------------+-------------------+-----
Dodging        | | 10.6
Short Blades   | 1 2 |  2.0
Long Blades    | 1 2 |  2.0
Axes           | 1 2 |  2.0
Maces & Flails | 1 2 |  2.0
Polearms       | 1 2 |  2.0
Staves         | 1 2 |  2.0
Ranged Weapons | 1 2 |  2.0
Throwing       | 1 2 |  2.0
Armour         | 1 2 |  2.0
Shields        | 1 2 |  2.0
Unarmed Combat | 1 2 |  2.0
Invocations    | 1 2 |  2.2
Evocations     | 1 2 |  2.0
Spellcasting   | 3 |  3.4
Conjurations   | 1 |  1.6
Hexes          | 1 |  1.6
Summonings     | 1 |  1.6
Necromancy     | 1 |  1.6
Translocations | 1 |  1.6
Transmutations | 1 |  1.6
Fire Magic     | 1 |  1.6
Ice Magic      | 1 |  1.6
Air Magic      | 1 |  1.6
Poison Magic   | 1 |  1.6
Fighting       | 3 |  3.3
Earth Magic    | 4 |  4.1
Stealth        | 3 |  3.1

Action                     |  1- 3 |  4- 6 || total
---------------------------+-------+-------++-------
  Melee: Dagger            |   114 |       ||   114
         Bite              |    15 |    27 ||    42
         Punch             |     1 |       ||     1
         Whip              |    15 |     6 ||    21
         Short sword       |       |   202 ||   202
    Use: Scroll            |     8 |     8 ||    16
         Potion            |     1 |       ||     1
   Stab: Sleeping          |     1 |     4 ||     5
 Armour: Leather armour    |    41 |     2 ||    43
         Ring mail         |       |    51 ||    51
  Dodge: Dodged            |   113 |   120 ||   233
  Block: Buckler           |    19 |    32 ||    51

Illustrated notes

Table legend:
 A = Kills in this place as a percentage of kills in the entire game.
 B = Kills by you in this place as a percentage of kills by you in the entire game.
 C = Kills by friends in this place as a percentage of kills by friends in the entire game.
 D = Other kills in this place as a percentage of other kills in the entire game.
 E = Experience gained in this place as a percentage of experience gained in the entire game.
 F = Experience gained in this place divided by the number of levels of this place that you have seen.
                   A       B       C       D       E      F
               +-------+-------+-------+-------+-------+----------------------
         Total | 100.0 | 100.0 |   N/A |   N/A | 100.0 | 110.5
       Dungeon | 100.0 | 100.0 |   N/A |   N/A | 100.0 | 110.5
               +-------+-------+-------+-------+-------+----------------------

Table legend: (Time is in decaauts)
 A = Elapsed time spent in this place.
 B = Non-inter-level travel time spent in this place.
 C = Inter-level travel time spent in this place.
 D = Time resting spent in this place.
 E = Time spent auto-exploring this place.
 F = Levels seen in this place.
 G = Mean time per level.
                   A        B        C        D        E       F      G
               +--------+--------+--------+--------+--------+-----+--------+
         Total |   3046 |   2962 |     84 |    427 |   1848 |   4 |  761.5 |
       Dungeon |   3046 |   2962 |     84 |    427 |   1848 |   4 |  761.5 |
               +--------+--------+--------+--------+--------+-----+--------+

Top non-repeatable levels by time:
     D:2: 1080 daAuts
     D:3: 920 daAuts
     D:1: 623 daAuts
     D:4: 422 daAuts
